 Dungeon Crawl Stone Soup version 0.29.1-2-gbd0b4ee654 (webtiles) character file.

Game seed: 149316703065395940

63204 Avanven the Thaumaturge (level 15, -7/141 HPs)
             Began as a Gnoll Warper on Nov 8, 2022.
             Was the Champion of Okawaru.
             Shot with an arrow by a centaur warrior (14 damage)
             ... on level 13 of the Dungeon.
             The game lasted 01:46:40 (27853 turns).

Avanven the Thaumaturge (Gnoll Warper)             Turns: 27853, Time: 01:46:41

Health: -7/141     AC: 10    Str: 10    XL:     15   Next: 8%
Magic:  5/30       EV: 14    Int: 19    God:    Okawaru [******]
Gold:   1632       SH:  0    Dex: 13    Spells: 5/36 levels left

rFire   x . .      SeeInvis .     - Unarmed
rCold   + + +      Faith    .   (shield currently unavailable)
rNeg    . . .      Spirit   .   (body armour currently unavailable)
rPois   +          Reflect  .   (helmet currently unavailable)
rElec   .          Harm     .   (cloak currently unavailable)
rCorr   .          Rampage  .   (gloves currently unavailable)
Will    +....                   (boots currently unavailable)
Stlth   ++++......              z - amulet of regeneration
HPRegen 1.13/turn               x - ring of wizardry
MPRegen 0.22/turn               w - ring of poison resistance

@: ice-form
A: freezing attack, amphibious, boosted hp, large, (fangs 1), strong nose,
distributed training
a: End Transformation, Renounce Religion, Heroism, Finesse, Duel


You were on level 13 of the Dungeon.
You worshipped Okawaru.
Okawaru was exalted by your worship.
You were a creature of crystalline ice.
You visited 4 branches of the dungeon, and saw 21 of its levels.
You also visited: Bailey.

You collected 3574 gold pieces.
You spent 1942 gold pieces at shops.

Inventory:

Hand Weapons
 g - the +6 hand crossbow of Res Nullius {freeze, +Blink rN+}
   (Okawaru gifted it to you on level 11 of the Dungeon)

   Any ammunition fired from it freezes those it strikes, dealing additional
   cold damage.
   It can also slow down cold-blooded creatures.
   rN:        It protects you from negative energy.
   +Blink:    It lets you blink.
 M - a +4 great sword of electrocution (melded)
Missiles
 c - 13 silver boomerangs (quivered)
 H - 33 boomerangs
Armour
 a - the +1 hat of Dim Light (melded) {Int+3}
   (Okawaru gifted it to you on level 4 of the Lair of Beasts)

   Int:       It affects your intelligence (+3).
 b - a +1 leather armour (melded)
 n - a +1 pair of gloves (melded)
 u - a +1 ring mail of cold resistance
 F - a +2 tower shield of protection
 K - a +2 cloak (melded)
Jewellery
 e - a +4 ring of evasion
 k - a +6 ring of dexterity
 r - a ring of protection from cold
 t - a ring of see invisible
 w - a ring of poison resistance (right front paw)
 x - a ring of wizardry (left front paw)
 y - a ring of ice
 z - an amulet of regeneration (around neck)
 C - a +4 ring of evasion
 E - a ring of willpower
Wands
 d - a wand of iceblast (5)
 f - a wand of flame (4)
 m - a wand of digging (4)
 I - a wand of paralysis (3)
 P - a wand of mindburst (10)
Scrolls
 h - 6 scrolls of identify
 j - 3 scrolls of magic mapping
 s - 3 scrolls of fog
 A - 4 scrolls of amnesia
 N - 8 scrolls of teleportation
Potions
 i - a potion of haste
 l - 2 potions of invisibility
 p - 6 potions of curing
 q - a potion of magic
 v - 2 potions of flight
 B - 4 potions of might
 D - 5 potions of brilliance
 G - 3 potions of cancellation
 L - 2 potions of berserk rage
 O - 10 potions of ambrosia


   Skills:
 + Level 11.1 Fighting
 + Level 10.1 Short Blades
 + Level 11.1 Long Blades
 + Level 10.1 Axes
 + Level 10.1 Maces & Flails
 + Level 10.1 Polearms
 + Level 10.1 Staves
 + Level 10.1 Ranged Weapons
 + Level 10.5 Throwing
 + Level 10.5 Armour
 + Level 11.1 Dodging
 + Level 10.1 Stealth
 + Level 10.1 Shields
 + Level 10.1 Unarmed Combat
 + Level 11.3 Spellcasting
 + Level 8.5 Conjurations
 + Level 8.5 Hexes
 + Level 8.5 Summonings
 + Level 8.5 Necromancy
 + Level 10.1 Translocations
 + Level 8.5 Transmutations
 + Level 8.5 Fire Magic
 + Level 8.5 Ice Magic
 + Level 8.5 Air Magic
 + Level 8.5 Earth Magic
 + Level 8.5 Poison Magic
 + Level 11.0 Invocations
 + Level 10.1 Evocations


You had 5 spell levels left.
You knew the following spells:

 Your Spells              Type           Power      Damage    Failure   Level
a - Blink                 Tloc           98%        N/A       1%          2
b - Teleport Other        Tloc           49%        N/A       1%          3
c - Ice Form              Ice/Tmut       43%        N/A       1%          4
d - Poisonous Vapours     Pois/Air       86%        N/A       1%          2
e - Olgreb's Toxic Radia  Pois           43%        N/A       1%          4
f - Lightning Bolt        Conj/Air       21%        1d36      2%          5
g - Ozocubu's Refrigerat  Ice            21%        4d12      52%         7
h - Dispel Undead         Necr           43%        3d17      1%          4

Your spell library contained the following spells:

 Spells                   Type           Power      Damage    Failure   Level
 Apportation              Tloc           98%        N/A       1%          1
 Necrotise                Necr           100%       1d9       1%          1
 Sandblast                Erth           86%        2d18      1%          1
 Sting                    Tmut/Pois      100%       1d8       1%          1
 Passwall                 Tmut/Erth      35%        N/A       1%          2
 Gell's Gravitas          Tloc           49%        N/A       1%          3
 Lesser Beckoning         Tloc           49%        N/A       1%          3
 Portal Projectile        Hex/Tloc       92%        N/A       1%          3
 Stone Arrow              Conj/Erth      86%        3d12      1%          3
 Vampiric Draining        Necr           43%        2d9       1%          3
 Airstrike                Air            21%        2d(4-20)  1%          4
 Corpse Rot               Necr/Pois/Air  43%        N/A       1%          4
 Hailstorm                Conj/Ice       43%        3d10      1%          4
 Leda's Liquefaction      Hex/Erth       21%        N/A       1%          4
 Manifold Assault         Tloc           49%        N/A       1%          5
 Agony                    Necr           43%        N/A       2%          5
 Alistair's Intoxication  Tmut/Pois      28%        N/A       2%          5
 Dispersal                Tloc           24%        N/A       6%          6
 Ignition                 Fire           21%        3d8       99%         8
 Call Canine Familiar     Summ           Unusable   N/A       N/A         3
 Summon Lightning Spire   Summ/Air       Unusable   N/A       N/A         4
 Death Channel            Necr           Unusable   N/A       N/A         6
 Simulacrum               Ice/Necr       Unusable   N/A       N/A         6

Dungeon Overview and Level Annotations

Branches:
Dungeon (13/15)            Temple (1/1) D:4            Lair (5/5) D:9
 Shoals (0/4) Lair:3        Snake (0/4) Lair:3        Slime (0/5) Lair:5
    Orc (2/2) D:11            Elf (0/3) Orc:2        Bailey (visited)
 Vaults: D:13-14

Altars:
Ashenzari
Cheibriados
Dithmenos
Elyvilon
Fedhas
Gozag
Hepliaklqana
Kikubaaqudgha
Makhleb
Nemelex Xobeh
Okawaru
Qazlal
Ru
Sif Muna
Trog
Uskayaw
Vehumet
Wu Jian
Xom
Yredelemnul
Zin
The Shining One
Jiyva

Shops:
D:5 *   D:6 [   D:8 *   D:9 =   Orc:2 :![

Portals:
Trove: D:11 (give 7 scrolls of fear)

Annotations:
D:3 1 runed translucent door, Crazy Yiuf
Lair:2 3 runed translucent doors, PanSaczeczos's ghost, journeyman DsGl
Lair:4 exclusion: oklob plant


Innate Abilities, Weirdness & Mutations

You are a creature of crystalline ice.
You have a powerful freezing melee attack.
You are amphibious.
Your maximum health is increased.
Your armour is entirely melded.
You are incapable of wielding weapons or throwing items.
((You have very sharp teeth.))
Your uncanny sense of smell can sniff out nearby items.
Your experience applies equally to all skills.


Message History

The cyclops shimmers and seems to become two!
The boulder beetle leaps!
The cyclops completely misses you.
You punch the cyclops! You freeze the cyclops.
The cyclops is moderately wounded.
The cyclops is engulfed in poison gas.
The cyclops is poisoned.
The cyclops misses you.
The rakshasa hits you from afar with a +0 trident!
* * * LOW HITPOINT WARNING * * *
A vampire comes into view.
You hit the cyclops but do no damage.
The cyclops is moderately wounded.
The cyclops is engulfed in poison gas.
The cyclops looks even sicker.
You kill the cyclops!
The cyclops's corpse shimmers and vanishes!
The cyclops hits you but does no damage.
The rakshasa hits you from afar with a +0 trident!!
* * * LOW HITPOINT WARNING * * *
Your surroundings suddenly seem different.
An acid dragon comes into view.
Found 20 gold pieces, a wand of iceblast (4), a sling and 5 stones.
Okay, then.
Okay, then.
Aiming: Paralyse
Press: ? - help, Shift-Dir - straight line, f - acid dragon
Aim: an acid dragon (wandering, hasn't noticed you, chance to affect: 71%)
The acid dragon roars!
The acid dragon suddenly stops moving!
A centaur warrior comes into view.
The centaur warrior shouts!
The centaur warrior wields a +0 longbow.
The centaur warrior shoots an arrow.
The arrow hits you!!
* * * LOW HITPOINT WARNING * * *
Unknown command.
Aiming: Paralyse
Press: ? - help, Shift-Dir - straight line, f - centaur warrior
Aim: a centaur warrior, wielding a +0 longbow (chance to affect: 54%)
The centaur warrior resists with significant effort.
The centaur warrior shoots an arrow.
The arrow barely misses you.
The centaur warrior shoots an arrow.
The arrow hits you!
You die...

##$....####
#..........
##..$.D#.##
#..)......
#..(..###.
#.#...#
#.###.##
#####.#.....
#.c.Y...##..#
###
#.###.......#
#. ..
##..###.# #.
#. ..#
#.####. ..#
#.#.... ...
#...... ...#
#....#. #...#
#...... #..
##.#.##


You could see a centaur warrior.

Vanquished Creatures
  Josephine (Orc:2)
  Erolcha (D:9)
  5 hydras
  A boulder beetle (D:12)
  4 two-headed ogres
  7 death yaks
  Urug (D:11)
  4 skeletal warriors
  2 orc knights (D:11)
  A cyclops (D:12)
  3 ugly things
  2 manticores
  8 black mambas
  13 elephants
  A merfolk siren (Lair:3)
  2 gargoyles
  An unseen horror (D:10)
  24 cane toads
  Maggie (D:9)
  Psyche (D:8)
  5 komodo dragons
  2 rime drakes
  A queen bee (Lair:2)
  2 hornets
  3 trolls
  4 polar bears
  3 tyrant leeches (Lair:5)
  23 blink frogs
  5 dream sheep (Lair:5)
  7 wraiths
  5 wyverns
  3 basilisks
  44 yaks
  2 steam dragons (D:8)
  2 wargs
  7 vampire mosquitoes
  Edmund (D:6)
  2 acid dragons
  12 water moccasins
  16 orc warriors
  A meliai simulacrum (D:12)
  6 black bears
  A sky beast (D:8)
  10 wolves
  An ice beast (D:8)
  3 centaurs
  5 kobold brigands (D:8)
  2 gnoll sergeants
  22 bullfrogs
  8 scorpions
  2 necrophages
  7 wights (D:9)
  30 killer bees
  7 howler monkeys
  2 electric eels (Lair:5)
  A centaur zombie (D:4)
  5 jellies
  2 gnoll boudas
  11 orc priests
  4 hounds
  Jessica (D:3)
  2 iguanas (D:5)
  21 orc wizards
  3 hell rats (Lair:3)
  22 gnolls
  6 river rats (Lair:3)
  6 adders
  2 shadow imps
  3 white imps
  An ufetubus (D:5)
  An adder zombie (D:4)
  3 dart slugs
  80 orcs
  5 endoplasms
  A giant cockroach (D:3)
  13 goblins
  9 hobgoblins
  4 jackals
  20 kobolds
  8 quokkas
  12 ball pythons
  8 bats
  3 frilled lizards (D:2)
  6 rats
  A butterfly (Lair:4)
603 creatures vanquished.

Vanquished Creatures (collateral kills)
  An adder (D:4)
1 creature vanquished.

Vanquished Creatures (others)
  An orc wizard (D:6)
  67 fungi
  143 plants
211 creatures vanquished.

Grand Total: 815 creatures vanquished

Notes
Turn   | Place    | Note
-------+----------+-------------------------------------------
     0 | D:1      | Avanven the Gnoll Warper began the quest for the Orb.
     0 | D:1      | Reached XP level 1. HP: 20/20 MP: 6/6
   340 | D:1      | Reached XP level 2. HP: 26/26 MP: 7/7
   819 | D:1      | Found a faded altar of an unknown god.
  1232 | D:2      | Reached skill level 5 in Spellcasting
  1232 | D:2      | Reached XP level 3. HP: 26/31 MP: 7/9
  1294 | D:2      | Learned a level 2 spell: Blink
  1298 | D:2      | Learned a level 3 spell: Teleport Other
  1781 | D:2      | Reached skill level 1 in Invocations
  2340 | D:2      | Reached skill level 1 in Short Blades
  2340 | D:2      | Reached skill level 1 in Axes
  2340 | D:2      | Reached skill level 1 in Maces & Flails
  2340 | D:2      | Reached skill level 1 in Polearms
  2340 | D:2      | Reached skill level 1 in Staves
  2340 | D:2      | Reached skill level 1 in Ranged Weapons
  2340 | D:2      | Reached skill level 1 in Stealth
  2340 | D:2      | Reached skill level 1 in Shields
  2340 | D:2      | Reached skill level 1 in Unarmed Combat
  2340 | D:2      | Reached skill level 1 in Evocations
  2547 | D:3      | Reached XP level 4. HP: 23/38 MP: 11/11
  2895 | D:3      | Found a runed translucent door.
  2896 | D:3      | Noticed Crazy Yiuf
  2940 | D:3      | Reached skill level 1 in Conjurations
  2940 | D:3      | Reached skill level 1 in Hexes
  2940 | D:3      | Reached skill level 1 in Summonings
  2940 | D:3      | Reached skill level 1 in Necromancy
  2940 | D:3      | Reached skill level 1 in Transmutations
  2940 | D:3      | Reached skill level 1 in Fire Magic
  2940 | D:3      | Reached skill level 1 in Ice Magic
  2940 | D:3      | Reached skill level 1 in Air Magic
  2940 | D:3      | Reached skill level 1 in Earth Magic
  2940 | D:3      | Reached skill level 1 in Poison Magic
  3263 | D:3      | Noticed Jessica
  3279 | D:3      | Killed Jessica
  3280 | D:3      | Reached XP level 5. HP: 30/43 MP: 12/12
  3772 | D:4      | Reached XP level 6. HP: 40/50 MP: 14/14
  3836 | D:4      | Learned a level 3 spell: Call Canine Familiar
  4014 | D:4      | Reached skill level 5 in Fighting
  4014 | D:4      | Reached skill level 5 in Long Blades
  4014 | D:4      | Reached skill level 5 in Dodging
  4466 | D:4      | Found a staircase to the Ecumenical Temple.
  4477 | Temple   | Entered the Ecumenical Temple
  4477 | Temple   | Found a transporter.
  4477 | Temple   | Found a transporter.
  4479 | Temple   | Found a transporter.
  4479 | Temple   | Found a transporter.
  4561 | Temple   | Became a worshipper of Warmaster Okawaru
  4674 | D:4      | Reached XP level 7. HP: 42/56 MP: 12/15
  5264 | D:4      | Found a basalt altar of Yredelemnul.
  5314 | D:5      | Entered Level 5 of the Dungeon
  5354 | D:5      | Learned a level 2 spell: Poisonous Vapours
  6736 | D:5      | Reached XP level 8. HP: 63/63 MP: 12/16
  6816 | D:5      | Found Lung's Assorted Antiques.
  7554 | D:6      | Learned a level 4 spell: Olgreb's Toxic Radiance
  7554 | D:6      | Found Ittocuc's Antique Armour Shoppe.
  7685 | D:6      | Reached * piety under Okawaru
  7930 | D:6      | Noticed Edmund
  7946 | D:6      | Killed Edmund
  8295 | D:6      | Found a sacrificial altar of Ru.
  8295 | D:6      | Found a broken altar of Ashenzari.
  8384 | D:6      | Found an ornate altar of the Wu Jian Council.
  8584 | D:7      | Reached ** piety under Okawaru
  8586 | D:7      | Reached XP level 9. HP: 65/69 MP: 11/18
  9365 | D:7      | Reached skill level 5 in Throwing
  9365 | D:7      | Reached skill level 5 in Armour
  9839 | D:7      | Identified the +1 robe of Feezodur {Int+3}
 10196 | D:8      | Found Jaaqed's Mass Market.
 10204 | D:8      | Bought a +2 tower shield of protection for 258 gold pieces
 10293 | D:8      | Found a flagged portal.
 10327 | Bailey   | Entered a bailey
 10332 | Bailey   | Noticed an orc warlord
 10497 | Bailey   | Found a runed translucent gate.
 10497 | Bailey   | Found a runed translucent gate.
 10498 | Bailey   | Found a runed translucent gate.
 10519 | Bailey   | Reached *** piety under Okawaru
 10520 | Bailey   | Reached skill level 5 in Invocations
 10768 | D:8      | Noticed a two-headed ogre
 10795 | D:8      | Killed a two-headed ogre
 10934 | D:8      | Reached **** piety under Okawaru
 10935 | D:8      | Reached skill level 5 in Short Blades
 10935 | D:8      | Reached skill level 5 in Axes
 10935 | D:8      | Reached skill level 5 in Maces & Flails
 10935 | D:8      | Reached skill level 5 in Polearms
 10935 | D:8      | Reached skill level 5 in Staves
 10935 | D:8      | Reached skill level 5 in Ranged Weapons
 10935 | D:8      | Reached skill level 5 in Stealth
 10935 | D:8      | Reached skill level 5 in Shields
 10935 | D:8      | Reached skill level 5 in Unarmed Combat
 10935 | D:8      | Reached skill level 5 in Evocations
 10940 | D:8      | Reached XP level 10. HP: 77/77 MP: 0/20
 10964 | D:8      | Noticed Psyche
 11161 | D:8      | Killed Psyche
 11161 | D:8      | Received a gift from Okawaru
 11825 | D:8      | Found a burning altar of Makhleb.
 11825 | D:8      | Noticed a balrug
 12193 | D:8      | Noticed a two-headed ogre
 12211 | D:8      | Killed a two-headed ogre
 12779 | D:8      | Learned a level 4 spell: Ice Form
 13037 | D:9      | Noticed Maggie
 13050 | D:9      | Killed Maggie
 13050 | D:9      | Reached ***** piety under Okawaru
 13160 | D:9      | Noticed Erolcha
 13214 | D:9      | Received a gift from Okawaru
 13216 | D:9      | Killed Erolcha
 13217 | D:9      | Reached skill level 5 in Conjurations
 13217 | D:9      | Reached skill level 5 in Hexes
 13217 | D:9      | Reached skill level 5 in Summonings
 13217 | D:9      | Reached skill level 5 in Necromancy
 13217 | D:9      | Reached skill level 5 in Transmutations
 13217 | D:9      | Reached skill level 5 in Fire Magic
 13217 | D:9      | Reached skill level 5 in Ice Magic
 13217 | D:9      | Reached skill level 5 in Air Magic
 13217 | D:9      | Reached skill level 5 in Earth Magic
 13217 | D:9      | Reached skill level 5 in Poison Magic
 13217 | D:9      | Reached XP level 11. HP: 62/85 MP: 1/23
 13388 | D:9      | Received a gift from Okawaru
 13566 | D:9      | Found a staircase to the Lair.
 13608 | D:9      | Paralysed by a hornet for 3 turns
 13612 | D:9      | Received a gift from Okawaru
 13913 | D:9      | Identified a scroll of acquirement
 13917 | D:9      | Acquired 1200 gold pieces
 14052 | D:9      | Found a shadowy altar of Dithmenos.
 14071 | D:9      | Received a gift from Okawaru
 14261 | D:9      | Found Xufir's Jewellery Shop.
 14304 | D:9      | Bought a ring of poison resistance for 320 gold pieces
 14651 | Lair:1   | Entered Level 1 of the Lair of Beasts
 15698 | Lair:2   | Reached XP level 12. HP: 89/94 MP: 11/24
 15830 | Lair:2   | Reached ****** piety under Okawaru
 16174 | Lair:2   | Received a gift from Okawaru
 16254 | Lair:2   | Found a runed translucent gate.
 16254 | Lair:2   | Found a runed translucent gate.
 16254 | Lair:2   | Found a runed translucent gate.
 16255 | Lair:2   | Noticed PanSaczeczos's ghost (journeyman DsGl)
 16835 | Lair:3   | HP: 3/112 [cane toad (18)]
 16841 | Lair:3   | HP: 1/112 [cane toad (17)]
 16925 | Lair:3   | Identified the ring "Guxkupn" {Ice MP+9}
 16947 | Lair:3   | Learned a level 5 spell: Lightning Bolt
 17147 | Lair:3   | Found a staircase to the Snake Pit.
 17195 | Lair:3   | Identified the +1 plate armour of the Iron City of Dis
                  | {Rampage rC+ Str-4 Dex+5} (Okawaru gifted it to you on
                  | level 3 of the Lair of Beasts)
 17195 | Lair:3   | Received a gift from Okawaru
 17923 | Lair:3   | Noticed a seven-headed hydra
 17944 | Lair:3   | Killed a seven-headed hydra
 18500 | Lair:3   | Found a staircase to the Shoals.
 18938 | Lair:4   | Reached XP level 13. HP: 101/101 MP: 24/26
 19180 | Lair:4   | Identified the +1 hat of Dim Light {Int+3} (Okawaru gifted
                  | it to you on level 4 of the Lair of Beasts)
 19180 | Lair:4   | Received a gift from Okawaru
 19757 | Lair:4   | Found a blossoming altar of Fedhas.
 20115 | Lair:5   | Entered Level 5 of the Lair of Beasts
 20407 | Lair:5   | Reached skill level 10 in Spellcasting
 20427 | Lair:5   | Found a viscous altar of Jiyva.
 20427 | Lair:5   | Found a staircase to the Slime Pits.
 20868 | Lair:5   | Reached skill level 10 in Fighting
 20868 | Lair:5   | Reached skill level 10 in Long Blades
 20868 | Lair:5   | Reached skill level 10 in Dodging
 21362 | Lair:5   | Received a gift from Okawaru
 21453 | Lair:5   | Reached skill level 10 in Invocations
 21453 | Lair:5   | Reached XP level 14. HP: 102/110 MP: 25/28
 21502 | Lair:5   | Received a gift from Okawaru
 22157 | Lair:5   | Identified the +5 morningstar of Lies {venom, Contam rF+
                  | rN+ Dex+8}
 22439 | Lair:5   | Received a gift from Okawaru
 23206 | D:10     | Entered Level 10 of the Dungeon
 23317 | D:10     | Found a glowing silver altar of Zin.
 23318 | D:10     | Found a glowing golden altar of the Shining One.
 23319 | D:10     | Found a hazy altar of Hepliaklqana.
 23319 | D:10     | Found a sparkling altar of Nemelex Xobeh.
 23319 | D:10     | Found an ancient bone altar of Kikubaaqudgha.
 23526 | D:10     | Reached skill level 10 in Throwing
 23526 | D:10     | Reached skill level 10 in Armour
 24115 | D:11     | Found a portal to a secret trove of treasure.
 24135 | D:11     | Noticed Urug
 24144 | D:11     | Killed Urug
 24337 | D:11     | Found a staircase to the Orcish Mines.
 24411 | Orc:1    | Entered Level 1 of the Orcish Mines
 24431 | D:11     | Identified the +6 hand crossbow of Res Nullius {freeze,
                  | +Blink rN+} (Okawaru gifted it to you on level 11 of the
                  | Dungeon)
 24431 | D:11     | Received a gift from Okawaru
 24894 | Orc:2    | Entered Level 2 of the Orcish Mines
 25335 | Orc:2    | Found Xaih Jez's Distillery.
 25338 | Orc:2    | Found Ismeyr's Antique Armour Emporium.
 25412 | Orc:2    | Bought a pair of runed gloves for 180 gold pieces
 25417 | Orc:2    | Found a staircase to the Elven Halls.
 25452 | Orc:2    | Noticed Josephine
 25459 | Orc:2    | Killed Josephine
 25460 | Orc:2    | Reached skill level 10 in Translocations
 25689 | Orc:2    | Found Koxuined's Book Shoppe.
 25696 | Orc:2    | Bought the Unrestrained Analects for 704 gold pieces
 25704 | Orc:2    | Learned a level 7 spell: Ozocubu's Refrigeration
 25815 | D:11     | Learned a level 4 spell: Dispel Undead
 25915 | D:9      | Bought a ring of wizardry for 480 gold pieces
 26347 | D:11     | Reached skill level 10 in Short Blades
 26347 | D:11     | Reached skill level 10 in Axes
 26347 | D:11     | Reached skill level 10 in Maces & Flails
 26347 | D:11     | Reached skill level 10 in Polearms
 26347 | D:11     | Reached skill level 10 in Staves
 26347 | D:11     | Reached skill level 10 in Ranged Weapons
 26347 | D:11     | Reached skill level 10 in Stealth
 26347 | D:11     | Reached skill level 10 in Shields
 26347 | D:11     | Reached skill level 10 in Unarmed Combat
 26347 | D:11     | Reached skill level 10 in Evocations
 26672 | D:11     | You fall into a shaft and drop 1 floor!
 27066 | D:12     | Reached XP level 15. HP: 104/118 MP: 11/30
 27524 | D:12     | Received a gift from Okawaru
 27852 | D:13     | HP: 6/141 [centaur warrior/arrow (19)]
 27853 | D:13     | Shot with an arrow by a centaur warrior

Illustrated notes

Levels and vault maps discovered:
D:1:      co_arrival_random_square_maze, layout_basic, basic_ecumenical_altar
D:2:      layout_loops_ring, chequers_serial_rivers_room_a,
          reono_crystal_passage, cheibrodos_gnoll_hut
D:3:      layout_rooms, hex_medium, uniq_jessica, uniq_crazy_yiuf_cottage
D:4:      layout_basic, lemuel_zombie_altar_yredelemnul,
          minmay_temple_entry_waves, corexii_shack, kennysheep_generic_room_5
D:5:      layout_basic, serial_shops, kennysheep_mini_moat
D:6:      minmay_flawed_box, layout_loops_ring,
          nicolae_wu_jian_immortal_techniques, gammafunk_temple_overflow_pools,
          serial_shops, shop, uniq_edmund
D:7:      layout_basic, kennysheep_generic_room_7
D:8:      minmay_thinvault, layout_basic, makhleb_altar_promises_db,
          enter_bailey_5, minmay_shop_mass, minmay_unpleasant_kobolds,
          uniq_psyche
D:9:      layout_basic, mainiacjoe_overflow_alcove_2,
          due_lair_maze_entry_diamond, serial_shops, nicolae_stop_n_shop_2,
          uniq_maggie, uniq_erica, uniq_erolcha
D:10:     layout_layer_cave, grunt_temple_overflow_open,
          amcnicky_mini_corridor_feature
D:11:     minmay_the_grid_triangle_9x9_rhombus_full
          [minmay_the_grid_triangle_9x9_from_above,
          minmay_the_grid_triangle_9x9_minimal,
          minmay_the_grid_triangle_9x9_impossible_snake,
          minmay_the_grid_triangle_9x9_semitri,
          minmay_the_grid_triangle_9x9_dagger,
          minmay_the_grid_triangle_9x9_descending_squares,
          minmay_the_grid_triangle_9x9_limited_checkers,
          minmay_the_grid_triangle_9x9_prize_special], layout_irregular_city,
          hiddenorc2_lemuel, enter_trove_2, uniq_urug
D:12:     layout_roguey
D:13:     layout_loops_cross, grunt_vaults_entry_fortified, drop_trap,
          minmay_misc_feat_enclosed
Temple:   hellmonk_temple_divided_pantheon
Lair:1:   layout_cave_pods, grunt_megastairs_2
Lair:2:   layout_roguey [special_room_bee], gammafunk_ghost_necromancy
Lair:3:   layout_hall_layers, minmay_shoals_entry_lonely_mermaid,
          minmay_snake_entry_six_corridors, st_stairs_10,
          kennysheep_abandoned_house, infiniplex_staircase_pool_2
Lair:4:   layout_regular_city, tgw_fedhas, lemuel_fruit_fields
Lair:5:   minmay_lair_end_frog_pond, layout_small_grid, slime_entry_1,
          enter_volcano_2, serial_bayou_shore_a, serial_bayou_shore_b,
          lemuel_fruit_tree
Orc:1:    layout_caves, uniq_fannar
Orc:2:    grunt_orc_community_town_hall, layout_caves,
          grunt_orc_community_big_house_2, grunt_orc_community_big_house_1,
          grunt_orc_community_house_2, grunt_orc_community_house_2,
          grunt_orc_community_house_3, grunt_orc_community_house_1,
          grunt_orc_community_house_2, serial_shops,
          nicolae_shop_competitors_out_of_business, shop_statue,
          nicolae_diamond_shop, uniq_josephine

Skill      XL: |  1  2  3  4  5  6  7  8  9 10 11 12 13 14 15 |
---------------+----------------------------------------------+-----
Spellcasting   | 5 6 7 8 9 10 11 | 11.3
Invocations    | 1 2 3 4 5 6 7 8 10 11 | 11.0
Short Blades   | 1 2 3 5 6 7 8 9 10 | 10.1
Axes           | 1 2 3 5 6 7 8 9 10 | 10.1
Maces & Flails | 1 2 3 5 6 7 8 9 10 | 10.1
Polearms       | 1 2 3 5 6 7 8 9 10 | 10.1
Staves         | 1 2 3 5 6 7 8 9 10 | 10.1
Ranged Weapons | 1 2 3 5 6 7 8 9 10 | 10.1
Stealth        | 1 2 3 5 6 7 8 9 10 | 10.1
Shields        | 1 2 3 5 6 7 8 9 10 | 10.1
Unarmed Combat | 1 2 3 5 6 7 8 9 10 | 10.1
Evocations     | 1 2 3 5 6 7 8 9 10 | 10.1
Conjurations   | 1 2 3 4 5 6 7 8 |  8.5
Hexes          | 1 2 3 4 5 6 7 8 |  8.5
Summonings     | 1 2 3 4 5 6 7 8 |  8.5
Necromancy     | 1 2 3 4 5 6 7 8 |  8.5
Transmutations | 1 2 3 4 5 6 7 8 |  8.5
Fire Magic     | 1 2 3 4 5 6 7 8 |  8.5
Ice Magic      | 1 2 3 4 5 6 7 8 |  8.5
Air Magic      | 1 2 3 4 5 6 7 8 |  8.5
Earth Magic    | 1 2 3 4 5 6 7 8 |  8.5
Poison Magic   | 1 2 3 4 5 6 7 8 |  8.5
Throwing       | 3 4 5 6 7 8 9 10 | 10.5
Armour         | 3 4 5 6 7 8 9 10 | 10.5
Fighting       | 5 6 7 8 9 10 11 | 11.1
Long Blades    | 5 6 7 8 9 10 11 | 11.1
Dodging        | 5 6 7 8 9 10 11 | 11.1
Translocations | 6 7 8 9 10 | 10.1

Action                   |  1- 3 |  4- 6 |  7- 9 | 10-12 | 13-15 || total
-------------------------+-------+-------+-------+-------+-------++-------
Melee: Falchion          |   123 |   119 |   369 |   184 |       ||   795
       Bite              |     9 |    14 |    50 |    35 |    31 ||   139
       Punch             |     2 |     4 |    10 |    11 |       ||    27
       Unarmed           |       |       |       |   215 |   256 ||   471
       Great sword       |       |       |       |    77 |   238 ||   315
 Fire: Hand crossbow     |       |       |       |       |    28 ||    28
Throw: Boomerang         |       |     3 |     2 |    23 |    15 ||    43
 Cast: Teleport Other    |     1 |       |     5 |     3 |       ||     9
       Call Canine Famil |       |     2 |       |       |       ||     2
       Blink             |       |     1 |     3 |     5 |     2 ||    11
       Poisonous Vapours |       |       |    81 |     2 |    11 ||    94
       Olgreb's Toxic Ra |       |       |    12 |    92 |   128 ||   232
       Ice Form          |       |       |       |    25 |    30 ||    55
       Lightning Bolt    |       |       |       |     7 |    17 ||    24
       Dispel Undead     |       |       |       |       |    11 ||    11
Invok: Heroism           |       |       |       |     4 |     7 ||    11
 Abil: End Transformatio |       |       |       |     1 |       ||     1
Evoke: Wand              |       |       |       |       |     2 ||     2
  Use: Scroll            |     8 |     3 |     8 |    12 |    11 ||    42
       Potion            |       |       |     3 |     6 |     5 ||    14
 Stab: Sleeping          |     6 |     2 |     4 |     4 |     3 ||    19
       Distracted        |       |       |     1 |     2 |     1 ||     4
Armor: Leather armour    |    34 |    30 |    47 |    67 |    61 ||   239
       Ring mail         |       |       |    37 |       |       ||    37
       Skin              |       |       |       |    48 |    63 ||   111
Dodge: Dodged            |    99 |    72 |   223 |   404 |   455 ||  1253
